 Dungeon Crawl Stone Soup version 0.30-a0-800-g7c544603b3 (webtiles) character file.

Game seed: 18420886420456141429

46 dolemite99 the Magician (level 3, 0/25 HPs)
             Began as a Djinni Necromancer on Feb 21, 2023.
             Slain by an endoplasm (1 damage)
             ... on level 1 of the Dungeon.
             The game lasted 00:01:48 (1475 turns).

dolemite99 the Magician (Djinni Necromancer)        Turns: 1475, Time: 00:01:48

Health: 0/25       AC:  2    Str:  7    XL:     3   Next: 95%
Gold:   59         EV: 12    Int: 18    God:
                   SH:  0    Dex: 13

rFire   + + .      SeeInvis .    (no weapon)
rCold   x . .      Faith    .    (no shield)
rNeg    . . .      Spirit   .    a - +0 robe
rPois   ∞          Reflect  .    (no helmet)
rElec   .          Harm     .    (no cloak)
rCorr   .          Rampage  .    (no gloves)
Will    .....                    (boots unavailable)
Stlth   ++                       (no amulet)
HPRegen 0.24/turn                (no ring)
MPRegen 0.00/turn                (no ring)

@: flying, very slightly contaminated
A: sickness immunity, fire resistance 2, cold vulnerability 1, float, innate
caster, HP casting, extra vitality 1
a: no special abilities


You were on level 1 of the Dungeon.
You visited 1 branch of the dungeon, and saw 2 of its levels.

You collected 59 gold pieces.

Inventory:

Hand Weapons
 b - a +0 dagger
 g - a +0 sling
Armour
 a - a +0 robe (worn)
Jewellery
 e - a ring of protection from cold
 j - a ring of ice
Scrolls
 i - 2 scrolls of identify {unknown}
Potions
 c - a potion of heal wounds {unknown}
 d - a potion of mutation {unknown}
 f - a potion of cancellation {unknown}
 h - a potion of invisibility {unknown}
 k - a potion of attraction {unknown}


   Skills:
 - Level 2.1 Dodging
 - Level 1.5 Stealth
 + Level 4.2 Spellcasting


You knew the following spells:

 Your Spells              Type           Power      Damage    Failure   Level
a - Necrotise             Necr           76%        1d7       2%          1
b - Vampiric Draining     Necr           19%        2d7       8%          3
c - Animate Dead          Necr           19%        N/A       26%         4
d - Agony                 Necr           19%        N/A       56%         5
e - Summon Small Mammal   Summ           76%        N/A       2%          1
Your spell library was empty.

Dungeon Overview and Level Annotations

Branches:
Dungeon (2/15)

Altars:

Shops:
D:1 *


Innate Abilities, Weirdness & Mutations

You are immune to sickness and miasma.
You are immune to poison.
Your flesh is very heat resistant. (rF++)
You are vulnerable to cold. (rC-)
You float through the air rather than walking.
You learn spells naturally, not from books.
Your magical power is your life essence.
You have superior vitality. (+4 MHP)


Message History

You fly upwards.
There is a stone staircase leading down here.
An endoplasm is nearby!
Casting: Necrotise (safe; 2% risk of failure)
Confirm with . or Enter, or press ? or * to list all spells.
Aiming: Necrotise (safe; 2% risk of failure)
Press: ? - help, Shift-Dir - straight line, f - endoplasm
Aim: an endoplasm (chance to affect: 89%)
The endoplasm writhes in agony.
* * * LOW HITPOINT WARNING * * *
The endoplasm hits you.
* * * LOW HITPOINT WARNING * * *
An endoplasm is nearby!
An endoplasm is nearby!
Casting: Necrotise (safe; 2% risk of failure)
Confirm with . or Enter, or press ? or * to list all spells.
Aiming: Necrotise (safe; 2% risk of failure)
Press: ? - help, Shift-Dir - straight line, f/p - endoplasm
Aim: an endoplasm (heavily wounded, chance to affect: 89%)
The endoplasm barely resists.
* * * LOW HITPOINT WARNING * * *
The endoplasm closely misses you.
Casting: Necrotise (safe; 2% risk of failure)
Confirm with . or Enter, or press ? or * to list all spells.
You don't have enough health to cast this spell.
The endoplasm jiggles.
Casting: Necrotise (safe; 2% risk of failure)
Confirm with . or Enter, or press ? or * to list all spells.
You don't have enough health to cast this spell.
Casting: Necrotise (safe; 2% risk of failure)
Confirm with . or Enter, or press ? or * to list all spells.
Aiming: Necrotise (safe; 2% risk of failure)
Press: ? - help, Shift-Dir - straight line, f/p - endoplasm
Aim: an endoplasm (heavily wounded, chance to affect: 89%)
You miscast Necrotise.
You are very lightly contaminated with residual magic.
Nothing appears to happen.
* * * LOW HITPOINT WARNING * * *
The endoplasm hits you.
You die...

....>......##.....#.# #.#
.......#.####.#####.# #.#
#####..#.##########.# #.#
....#..#..#......##.# #.#
#####..#....####..#.##########.#
# #......#.## ##.#............#
# #.######.# #.############## #
#.#......## ##...§§.## #
#...≈≈≈≈..####@.≈≈§§§.# #
#..≈≈≈≈≈≈.....J≈§§§§≈.#
###..≈≈≈≈≈≈..<>..≈§≈≈§≈.#
..#..≈≈≈≈≈≈......≈≈≈≈§≈.#
#.#...≈≈≈≈...##...≈≈≈≈..#
..#.#.......####.......##
..#.#...##### ##....###
#.#.#.##########...###
..#..............###


You could see an endoplasm.

Vanquished Creatures
  An adder (D:2)
  A worm (D:2)
  A dart slug (D:1)
  2 ball pythons (D:1)
  4 endoplasms
  2 goblins (D:1)
  A hobgoblin (D:1)
  4 jackals (D:1)
  5 kobolds
  A quokka (D:1)
  3 bats
  2 rats (D:1)
27 creatures vanquished.

Vanquished Creatures (collateral kills)
  An endoplasm (D:1)
  A ball python (D:1)
2 creatures vanquished.

Vanquished Creatures (others)
  3 plants (D:1)
3 creatures vanquished.

Grand Total: 32 creatures vanquished

Notes
Turn   | Place    | Note
-------+----------+-------------------------------------------
     0 | D:1      | dolemite99 the Djinni Necromancer began the quest for the
                  | Orb.
     0 | D:1      | dolemite99 set off with the following spells memorised:
                  | Necrotise, Vampiric Draining, Animate Dead, Agony.
     0 | D:1      | Reached XP level 1. HP: 15/15 MP: 0/0
   222 | D:1      | Reached XP level 2. HP: 9/21 MP: 0/0
  1126 | D:1      | Reached XP level 3. HP: 23/25 MP: 0/0
  1126 | D:1      | Learned a level 1 spell: Summon Small Mammal
  1202 | D:1      | Reached skill level 4 in Spellcasting
  1270 | D:1      | Found Hagh's General Store.
  1475 | D:1      | Slain by an endoplasm

Illustrated notes

Levels and vault maps discovered:
D:1:      dpeg_arrival_pits, layout_basic, serial_shops, nicolae_shop_trees,
          serial_bayou_pond_c, minivault_26, serial_bayou_pond_e
D:2:      layout_loops_corners, serial_shops, shop, minmay_cupped

Skill      XL: |  1  2  3 |
---------------+----------+-----
Spellcasting   | 4 |  4.2
Dodging        | |  2.1
Stealth        | |  1.5

Action                     || total
---------------------------++-------
   Cast: Necrotise         ||    65
    Use: Scroll            ||     1
 Armour: Robe              ||     1
  Dodge: Dodged            ||     9

Table legend: (Time is in decaauts)
 A = Elapsed time spent in this place.
 B = Non-inter-level travel time spent in this place.
 C = Inter-level travel time spent in this place.
 D = Time resting spent in this place.
 E = Time spent auto-exploring this place.
 F = Levels seen in this place.
 G = Mean time per level.
                   A        B        C        D        E       F      G
               +--------+--------+--------+--------+--------+-----+--------+
         Total |   1475 |   1399 |     76 |    141 |    985 |   2 |  737.5 |
       Dungeon |   1475 |   1399 |     76 |    141 |    985 |   2 |  737.5 |
               +--------+--------+--------+--------+--------+-----+--------+

Top non-repeatable levels by time:
     D:1: 1356 daAuts
     D:2: 118 daAuts
